 Dungeon Crawl Stone Soup version 0.28.0 (webtiles) character file.

Game seed: 15113609438861437899

234 Strat the Cudgeller (level 5, -2/41 HPs)
             Began as a Demonspawn Abyssal Knight on Feb 14, 2022.
             Was a Priest of Lugonu.
             Splashed by a jelly's acid (7 damage)
             ... on level 6 of the Dungeon.
             The game lasted 00:09:28 (4673 turns).

Strat the Cudgeller (Demonspawn Abyssal Knight)     Turns: 4673, Time: 00:09:31

Health: -2/41      AC:  1    Str: 16    XL:     5   Next: 75%
Magic:  6/6        EV: 11    Int: 11    God:    Lugonu [***...]
Gold:   118        SH:  0    Dex: 13    Spells: 4/4 levels left

rFire   + . .      SeeInvis .   a - +2 mace
rCold   + . .      Faith    .   (no shield)
rNeg    . . .      Spirit   .   j - +2 leather armour {rC+}
rPois   .          Reflect  .   (helmet restricted)
rElec   .          Harm     .   (no cloak)
rCorr   .          Rampage  .   (no gloves)
Will    .....                   (no boots)
Stlth   +.........              (no amulet)
HPRegen 0.13/turn               l - ring of protection from fire
MPRegen 0.10/turn               (no ring)

@: corroded
A: horns 2, powered by pain 2
a: Renounce Religion, Depart the Abyss, Bend Space, Banish


You were on level 6 of the Dungeon.
You worshipped Lugonu.
Lugonu was most pleased with you.
You visited 1 branch of the dungeon, and saw 6 of its levels.
You visited the Abyss 1 time.

You collected 118 gold pieces.

Inventory:

Hand Weapons
 a - a +2 mace (weapon)
 b - a +0 hunting sling
 i - the +11 mace of the Hall of Blades {spect, Contam +Blink rElec Int+7}
   (You found it on level 3 of the Dungeon)

   When its wielder attacks, the weapon's spirit leaps out and strikes again.
   The spirit shares a part of any damage it takes with its wielder.
   Int:       It affects your intelligence (+7).
   rElec:     It insulates you from electricity.
   +Blink:    It lets you blink.
   Contam:    It causes magical contamination when unequipped.
Missiles
 c - 177 stones
 n - 5 poisoned darts
 o - 20 sling bullets
 t - 5 javelins
Armour
 j - a +2 leather armour of cold resistance (worn)
 r - a +0 scale mail
Jewellery
 l - a ring of protection from fire (left hand)
Scrolls
 h - a scroll of teleportation
Potions
 d - a potion of ambrosia
 f - a potion of heal wounds {unknown}
 g - 2 potions of attraction {unknown}
 k - 2 potions of flight {unknown}
 m - a potion of brilliance {unknown}
 p - a potion of curing


   Skills:
 - Level 3.0 Fighting
 + Level 5.6 Maces & Flails
 - Level 1.7 Armour
 - Level 0.8 Dodging
 - Level 2.4 Invocations


You had 4 spell levels left.
You didn't know any spells.
Your spell library contained the following spells:

 Spells                   Type           Power      Damage    Failure   Level
 Summon Small Mammal      Summ           0%         N/A       41%         1
 Call Canine Familiar     Summ           0%         N/A       78%         3
 Summon Guardian Golem    Hex/Summ       0%         N/A       78%         3


Dungeon Overview and Level Annotations

Branches:
Dungeon (7/15)
 Temple: D:4-7

Altars:
Zin

Shops:
D:2 (


Innate Abilities, Weirdness & Mutations

You have a pair of horns on your head.
You sometimes gain power by taking damage.


Message History

A sourceless malevolence fills the Dungeon...
You fall into a shaft and drop 3 floors!
The shaft crumbles and collapses.
An orc warrior, a steam dragon, a white imp and a water moccasin come into view.
Found a potion of curing, 10 gold pieces and a manual of Short Blades.
Found an escape hatch in the ceiling.
There is an escape hatch in the ceiling here.
There are no items here.
The white imp gestures at you. The puff of frost misses you.
A mysterious force pulls you upwards. The hatch slams shut behind you.
An iguana comes into view.
The iguana hisses angrily.
You flicker for a moment.
The iguana hisses angrily.
You flicker back into view.
A jelly comes into view.
A jelly is nearby!
An iguana is nearby!
The iguana hisses angrily.
The jelly quivers.
You hit the jelly.
Your hands burn!
* * * LOW HITPOINT WARNING * * *
The jelly is moderately wounded.
The jelly hits you but does no damage.
You hit the jelly.
Your hands burn!
* * * LOW HITPOINT WARNING * * *
The jelly is moderately wounded.
The jelly hits you.
* * * LOW HITPOINT WARNING * * *
You are splashed with acid!
* * * LOW HITPOINT WARNING * * *
You hit the jelly.
Your hands burn!
* * * LOW HITPOINT WARNING * * *
You headbutt the jelly, but do no damage.
The jelly is heavily wounded.
The jelly hits you.
* * * LOW HITPOINT WARNING * * *
The acid corrodes you!
You are splashed with acid!
You die...

#.######
#.# #l#
#.# #.#
#.# #.#
####.#
#.@..#
#J####
#. #. #.
#. #. #.


You could see a jelly.

Vanquished Creatures
  A scorpion (D:4)
  A hound skeleton (D:4)
  Robin (D:3)
  6 adders
  3 worms
  4 dart slugs
  An orc (D:2)
  7 ball pythons
  6 endoplasms
  2 giant cockroaches
  4 goblins
  16 hobgoblins
  4 jackals (D:1)
  7 kobolds
  2 quokkas
  6 bats
  7 frilled lizards
  6 rats
  A bush (D:1)
85 creatures vanquished.

Vanquished Creatures (others)
  4 plants (D:1)
4 creatures vanquished.

Grand Total: 89 creatures vanquished

Notes
Turn   | Place    | Note
-------+----------+-------------------------------------------
     0 | Abyss:1  | Strat the Demonspawn Abyssal Knight began the quest for the
                  | Orb.
     0 | Abyss:1  | Reached XP level 1. HP: 18/18 MP: 2/2
     9 | D:1      | Escaped the Abyss
    40 | D:1      | Reached skill level 2 in Maces & Flails
   235 | D:1      | Gained mutation: You have a pair of small horns on your
                  | head. [demonic ancestry]
   235 | D:1      | Reached XP level 2. HP: 23/24 MP: 3/3
   624 | D:1      | Reached skill level 3 in Maces & Flails
   678 | D:1      | Reached ** piety under Lugonu
   988 | D:1      | Gained mutation: You sometimes gain a little power by
                  | taking damage. [demonic ancestry]
   988 | D:1      | Reached XP level 3. HP: 29/29 MP: 4/4
  1087 | D:1      | Found a faded altar of an unknown god.
  2132 | D:2      | Reached skill level 4 in Maces & Flails
  2132 | D:2      | Gained mutation: You have a pair of horns on your head.
                  | [demonic ancestry]
  2132 | D:2      | Reached XP level 4. HP: 21/35 MP: 5/5
  2309 | D:2      | Found Caedog's Antique Weapon Emporium.
  3176 | D:3      | Noticed a sky beast
  3490 | D:3      | Noticed Robin
  3511 | D:3      | Killed Robin
  3536 | D:3      | Reached *** piety under Lugonu
  3537 | D:3      | Gained mutation: You sometimes gain power by taking damage.
                  | [demonic ancestry]
  3537 | D:3      | Reached XP level 5. HP: 38/41 MP: 6/6
  3793 | D:3      | Identified the +11 mace of the Hall of Blades {spect,
                  | Contam +Blink rElec Int+7}
  4427 | D:4      | Reached skill level 5 in Maces & Flails
  4630 | D:4      | You fall into a shaft and drop 3 floors!
  4630 | D:7      | Noticed an orc warrior
  4630 | D:7      | Noticed a steam dragon
  4630 | D:7      | Noticed a water moccasin
  4673 | D:6      | Splashed by a jelly's acid

Illustrated notes

Levels and vault maps discovered:
D:1:      scummos_arrival_hexagon, layout_rooms, serial_forest,
          infiniplex_forest_lined_3, infiniplex_forest_clump_medium,
          infiniplex_forest_straight_2, infiniplex_forest_pool,
          infiniplex_forest_clump_double, infiniplex_forest_clump_long,
          infiniplex_forest_end_2, infiniplex_forest_lined_room_2,
          infiniplex_forest_lined_room_, infiniplex_forest_split,
          hellmonk_ecumenical_altar_inner_sanctum
D:2:      kennysheep_six_static_rooms, layout_loops_cross, serial_shops,
          shop_statue, basic_altar
D:3:      minmay_door_path, layout_loops_ring, kennysheep_potato, uniq_robin
D:4:      layout_loops_corners, vehumet_statue, portal_sewer_entry_e
D:6:      layout_loops_ring, jmf_multi_god_temple, bloody_makhleb,
          minmay_temple_entry_steel_oval, serial_shops,
          nicolae_shop_hallway_stairs, chequers_serial_rivers_micro_a
D:7:      layout_basic, serial_shops, nicolae_shop_waterfront,
          minmay_manual_moon, uniq_crazy_yiuf_cottage

Skill      XL: |  1  2  3  4  5 |
---------------+----------------+-----
Maces & Flails | 2 3 4 5 |  5.6
Fighting       | |  3.0
Armour         | |  1.7
Dodging        | |  0.8
Invocations    | |  2.4

Action                   |  1- 3 |  4- 6 || total
-------------------------+-------+-------++-------
Melee: Mace              |   184 |    88 ||   272
       Headbutt          |    49 |    10 ||    59
       Punch             |     2 |       ||     2
 Fire: Hunting sling     |       |    41 ||    41
  Use: Scroll            |       |    10 ||    10
       Potion            |       |     1 ||     1
Armor: Leather armour    |    26 |    27 ||    53
Dodge: Dodged            |    48 |    55 ||   103
